 Dungeon Crawl Stone Soup version 0.30.0-10-gfe55d96785 (webtiles) character file.

Game seed: 9957984519388471539

350 Mysteryquy the Trooper (level 6, 0/39 HPs)
             Began as a Gargoyle Fighter on May 14, 2023.
             Was an Initiate of Makhleb.
             Slain by an ogre
             ... wielding a +0 giant spiked club
              (13 damage)
             ... on level 3 of the Dungeon.
             The game lasted 00:02:54 (2444 turns).

Mysteryquy the Trooper (Gargoyle Fighter)           Turns: 2444, Time: 00:02:55

Health: 0/39       AC: 17    Str: 22    XL:     6   Next: 60%
Magic:  6/6        EV:  6    Int:  8    God:    Makhleb [......]
Gold:   102        SH:  4    Dex:  9    Spells: 5/5 levels left

rFire   . . .        a - +0 flail
rCold   . . .        c - +0 buckler
rNeg    + . .        p - +0 plate armour
rPois   ∞            j - +0 helmet
rElec   +            (no cloak)
rCorr   .            (no gloves)
SInv    .            (no boots)
Will    .....        (no amulet) Stlth
                     (no ring)
HPRegen 0.26/turn    (no ring)
MPRegen 0.10/turn

%: no passive effects
@: no status effects
A: sickness immunity, AC +4, negative energy resistance 1, electricity
resistance, torment resistance 1, petrification resistance
a: Renounce Religion


You were on level 3 of the Dungeon.
You worshipped Makhleb.
Makhleb was noncommittal.
You visited 1 branch of the dungeon, and saw 3 of its levels.

You collected 102 gold pieces.

Inventory:

Hand Weapons
 a - a +0 flail (weapon)
Armour
 b - a +0 scale mail
 c - a +0 buckler (worn)
 j - a +0 helmet (worn)
 p - a +0 plate armour (worn)
Jewellery
 m - an amulet of magic regeneration
 v - a ring of protection from cold
Scrolls
 e - a scroll of vulnerability {unknown}
 g - 3 scrolls of teleportation {unknown}
 h - 4 scrolls of identify {unknown}
 i - a scroll of poison {unknown}
 k - a scroll of silence {unknown}
 l - 2 scrolls of fear {unknown}
 q - 3 scrolls of acquirement {unknown}
 s - a scroll of enchant armour {unknown}
 t - a scroll of immolation {unknown}
 w - a scroll of enchant weapon {unknown}
Potions
 d - a potion of might
 f - a potion of berserk rage {unknown}
 n - a potion of heal wounds {unknown}
 o - a potion of flight {unknown}
 r - 2 potions of mutation {unknown}
 u - a potion of haste {unknown}


   Skills:
 + Level 4.7 Fighting
 + Level 4.6 Maces & Flails
 + Level 4.4 Armour
 + Level 0.6 Dodging
 + Level 0.5 Stealth
 + Level 4.0 Shields


You had 5 spell levels left.
You didn't know any spells.
Your spell library was empty.

Dungeon Overview and Level Annotations

Branches:
Dungeon (3/15)

Altars:
Hepliaklqana
Makhleb

Shops:
D:1 [


Innate Abilities, Weirdness & Mutations

You are immune to sickness and miasma.
Your stone body is resilient. (AC +4)
You are immune to poison.
You resist negative energy. (rN+)
You are resistant to electric shocks. (rElec)
You are resistant to unholy torment.
You are immune to petrification.


Message History

The goblin unwields a +0 club.
The goblin wields a +0 sling.
The goblin shoots a sling bullet.
The sling bullet hits you but does no damage.
The goblin unwields a +0 sling.
The goblin wields a +0 club.
The goblin hits you but does no damage.
Items here: )))) †.
You barely miss the goblin. The goblin hits you but does no damage.
You barely miss the goblin. The goblin completely misses you.
You hit the goblin.
The goblin is severely wounded.
The goblin barely misses you. The goblin hits you but does no damage.
You barely miss the goblin.
The goblin is severely wounded.
The goblin hits you but does no damage.
You sock the goblin!
You kill the goblin!
Makhleb accepts your kill.
You completely miss the goblin.
The goblin hits you but does no damage. x2
You miss the goblin. The goblin hits you but does no damage.
You sock the goblin!
You kill the goblin!
Makhleb accepts your kill.
You barely miss the goblin. The goblin closely misses you.
You sock the goblin!
You kill the goblin!
Makhleb accepts your kill.
You barely miss the goblin. You block the goblin's attack.
You sock the goblin!
You kill the goblin!
Makhleb accepts your kill.
The ogre hits you with a +0 giant spiked club!!
Ouch! That really hurt!
You barely miss the ogre. You sock the ogre!
The ogre is heavily wounded.
The ogre closely misses you.
You completely miss the ogre.
The ogre is heavily wounded.
The ogre hits you with a +0 giant spiked club!
You die...

##....##.<.#.....'....#...#.#..#.
.......#...#.....##...#.#...#..#.
.......#####.....+....#........#.
.................###..#...#.#..#.
....##...........# #..#.....#..#.
##..##...........######.#####..#.
##..###.#.##..........#># #..#.
##......#.##.########.#.#####..#.
###.#######....O@.[............ #
#.# #.Og##.########.#.#####. #
#.# #g.(g..# ... #.#.....# #.#
#.gg#..# ....##.#.###.#.##. #.#
### #..##.................. #.#
#..##.........###.#..#. #.#
#..##................#. #.#
#.###.........###.#..#. #.# #.#
#............#..#.


You could see an ogre.

Vanquished Creatures
  2 phantoms
  An orc priest (D:3)
  An orc wizard (D:3)
  7 adders
  3 worms
  A dart slug (D:2)
  3 orcs (D:3)
  3 ball pythons
  6 endoplasms
  A giant cockroach (D:1)
  14 goblins
  A hobgoblin (D:1)
  3 jackals (D:1)
  6 kobolds
  2 quokkas (D:2)
  8 bats
  7 frilled lizards
  7 rats
76 creatures vanquished.

Notes
Turn   | Place    | Note
-------+----------+-------------------------------------------
     0 | D:1      | Mysteryquy the Gargoyle Fighter began the quest for the
                  | Orb.
     0 | D:1      | Reached XP level 1. HP: 14/14 MP: 1/1
   132 | D:1      | Reached XP level 2. HP: 18/19 MP: 2/2
   192 | D:1      | Found Gukevy's Armour Boutique.
   263 | D:1      | Reached XP level 3. HP: 24/24 MP: 3/3
   483 | D:2      | Found a hazy altar of Hepliaklqana.
   518 | D:2      | Noticed a phantom
   618 | D:2      | Reached XP level 4. HP: 25/29 MP: 4/4
   835 | D:2      | Killed a phantom
   836 | D:2      | Reached XP level 5. HP: 13/33 MP: 5/5
  2016 | D:3      | Noticed a phantom
  2025 | D:3      | Killed a phantom
  2026 | D:3      | Reached XP level 6. HP: 31/39 MP: 6/6
  2065 | D:3      | Found a burning altar of Makhleb.
  2081 | D:3      | Became a worshipper of Makhleb the Destroyer
  2444 | D:3      | Slain by an ogre

Illustrated notes

Levels and vault maps discovered:
D:1:      shiori_arrival_elements, layout_basic, serial_shops, shop
D:2:      layout_basic, basic_altar, serial_bayou_pond_c
D:3:      layout_basic, lemuel_tele_altar, serial_park_tiny_pond,
          glass_columns_c, grunt_ministairs_12, minmay_ogre_servants

Skill      XL: |  1  2  3  4  5  6 |
---------------+-------------------+-----
Fighting       | 4 |  4.7
Maces & Flails | 3 4 |  4.6
Armour         | 4 |  4.4
Shields        | 4 |  4.0
Dodging        | |  0.6
Stealth        | |  0.5

Action                     |  1- 3 |  4- 6 || total
---------------------------+-------+-------++-------
  Melee: Flail             |   124 |   158 ||   282
 Armour: Scale mail        |    67 |     3 ||    70
         Plate armour      |       |    93 ||    93
  Dodge: Dodged            |    54 |    45 ||    99
  Block: Buckler           |    24 |    31 ||    55
